 Dungeon Crawl Stone Soup version 0.29-a0-824-gd827844252 (webtiles) character file.

Game seed: 5690932303445165427

44 freelancePsychic the Shield-Bearer (level 3, -10/36 HPs)
             Began as a Troll Fighter on July 9, 2022.
             Mangled by a gnoll
             ... wielding a +0 halberd
              (15 damage)
             ... on level 1 of the Dungeon.
             The game lasted 00:01:23 (846 turns).

freelancePsychic the Shield-Bearer (Troll Fighter)   Turns: 846, Time: 00:01:23

Health: -10/36     AC:  5    Str: 24    XL:     3   Next: 39%
Magic:  2/2        EV:  8    Int:  4    God:
Gold:   27         SH:  7    Dex: 11    Spells: 2/2 levels left

rFire   . . .      SeeInvis .     - Unarmed
rCold   . . .      Faith    .   b - +0 kite shield
rNeg    . . .      Spirit   .   a - +0 robe
rPois   .          Reflect  .   e - +1 hat
rElec   .          Harm     .   (no cloak)
rCorr   .          Rampage  .   (gloves unavailable)
Will    .....                   (boots unavailable)
Stlth   +.........              (no amulet)
HPRegen 0.92/turn               (no ring)
MPRegen 0.08/turn               (no ring)

@: mighty
A: large, unfitting armour, claws 3, regeneration 1, shaggy fur 1, tough skin 1
a: no special abilities


You were on level 1 of the Dungeon.
You visited 1 branch of the dungeon, and saw 2 of its levels.

You collected 27 gold pieces.

Inventory:

Missiles
 f - a throwing net (quivered)
Armour
 a - a +0 robe (worn)
 b - a +0 kite shield (worn)
 e - a +1 hat (worn)
Scrolls
 g - 2 scrolls of fear {unknown}
 h - a scroll of noise {unknown}
 i - a scroll of summoning {unknown}
 j - a scroll of teleportation {unknown}
Potions
 d - a potion of brilliance {unknown}
 k - a potion of attraction {unknown}


   Skills:
 + Level 2.8 Fighting
 - Level 2.4 Dodging
 + Level 3.1 Shields
 * Level 3.1 Unarmed Combat


You had 2 spell levels left.
You didn't know any spells.
Your spell library was empty.

Dungeon Overview and Level Annotations

Branches:
Dungeon (2/15)

Altars:


Innate Abilities, Weirdness & Mutations

You are too large for most types of armour.
You have claws for hands.
Your natural rate of healing is unusually fast.
You are covered in fur. (AC +1)
You have tough skin. (AC +1)


Message History

No target in view!
No target in view!
No target in view!
No target in view!
No target in view!
No target in view!
No target in view!
No target in view!
No target in view!
No target in view!
No target in view!
No target in view!
No target in view!
No target in view!
An orc comes into view. It is wielding a +0 war axe.
An orc is nearby!
A gnoll comes into view. It is wielding a +0 halberd.
The orc shouts!
The gnoll shouts!
You hear a shout!
A gnoll comes into view. It is wielding a +0 spear.
A gnoll comes into view. It is wielding a +0 halberd.
An orc comes into view. It is wielding a +0 dagger.
There is a stone staircase leading up here.
You aren't carrying any items that you can evoke.
The gnoll hits you from afar with a +0 halberd!
The gnoll hits you with a +0 halberd.
There is a stone staircase leading up, spattered with blood here.
The gnoll barely misses you. The orc hits you with a +0 war axe.
You climb upwards.
There is a stone staircase leading down here.
The orc hits you with a +0 war axe! You block the gnoll's attack.
The orc attacks as you move away! The orc hits you with a +0 war axe!
* * * LOW HITPOINT WARNING * * *
You feel very mighty all of a sudden. The orc hits you with a +0 war axe.
* * * LOW HITPOINT WARNING * * *
The gnoll hits you from afar with a +0 halberd.
* * * LOW HITPOINT WARNING * * *
You completely miss the orc. You block the orc's attack.
The gnoll hits you from afar with a +0 halberd!
You die...

#.#..............#
#......#########.#
........#### ###.###
#..........# #.....#
#.#....###.# #.....#
#.##..####.# #.....#
..##.......# #.....#
#####.###### #..†..#
# ##'## ###@### #
##...## #o#
###.....## ##g#
##.......## ##>.#
#)........####...##
')........'.......#
#.........####...####
##.......## #......#
##.....## #.#.##.#


You could see a gnoll and an orc.

Vanquished Creatures
  A worm (D:2)
  3 bats (D:1)
  5 endoplasms (D:1)
  4 goblins (D:1)
  2 hobgoblins (D:1)
  7 kobolds (D:1)
  4 quokkas (D:1)
  3 ball pythons (D:1)
  2 frilled lizards (D:1)
  4 rats (D:1)
35 creatures vanquished.

Notes
Turn   | Place    | Note
-------+----------+-------------------------------------------
     0 | D:1      | freelancePsychic the Troll Fighter began the quest for the
                  | Orb.
     0 | D:1      | Reached XP level 1. HP: 22/22 MP: 0/0
   176 | D:1      | Reached XP level 2. HP: 29/29 MP: 1/1
   365 | D:1      | Reached XP level 3. HP: 36/36 MP: 2/2
   417 | D:1      | Found a faded altar of an unknown god.
   846 | D:1      | Mangled by a gnoll

Illustrated notes

Levels and vault maps discovered:
D:1:      minmay_arrival_five_plusses, layout_loops_corners,
          nicolae_ecumenical_snake_handling, minmay_heptomino_d4
D:2:      layout_rooms, kennysheep_generic_room_3

Skill      XL: |  1  2  3 |
---------------+----------+-----
Shields        | 3 |  3.1
Unarmed Combat | 3 |  3.1
Fighting       | |  2.8
Dodging        | |  2.4

Action                   || total
-------------------------++-------
Melee: Unarmed           ||    75
  Use: Potion            ||     1
Armor: Robe              ||    16
Dodge: Dodged            ||    16
Block: Kite shield       ||    23

Table legend: (Time is in decaauts)
 A = Elapsed time spent in this place.
 B = Non-inter-level travel time spent in this place.
 C = Inter-level travel time spent in this place.
 D = Time resting spent in this place.
 E = Time spent auto-exploring this place.
 F = Levels seen in this place.
 G = Mean time per level.
                   A        B        C        D        E       F      G
               +--------+--------+--------+--------+--------+-----+--------+
         Total |    853 |    845 |      8 |      0 |    633 |   2 |  426.5 |
       Dungeon |    853 |    845 |      8 |      0 |    633 |   2 |  426.5 |
               +--------+--------+--------+--------+--------+-----+--------+

Top non-repeatable levels by time:
     D:1: 820 daAuts
     D:2: 32 daAuts
